 Dungeon Crawl Stone Soup version 0.30-a0-778-g2ef04afb54 (webtiles) character file.

Game seed: 9996117261872941267

1 xian the Gusty (level 1, 0/13 HPs)
             Began as a Demonspawn Air Elementalist on Feb 16, 2023.
             Slain by a ball python (2 damage)
             ... on level 1 of the Dungeon.
             The game lasted 00:00:21 (98 turns).

xian the Gusty (Demonspawn Air Elementalist)          Turns: 98, Time: 00:00:22

Health: 0/13       AC:  2    Str:  8    XL:     1   Next: 16%
Magic:  3/3        EV:  9    Int: 16    God:
Gold:   7          SH:  0    Dex: 13    Spells: 3/4 levels left

rFire   . . .      SeeInvis .    (no weapon)
rCold   . . .      Faith    .    (no shield)
rNeg    . . .      Spirit   .    a - +0 robe
rPois   .          Reflect  .    (no helmet)
rElec   .          Harm     .    (no cloak)
rCorr   .          Rampage  .    (no gloves)
Will    .....                    (no boots)
Stlth   ++                       (no amulet)
HPRegen 0.22/turn                (no ring)
MPRegen 0.08/turn                (no ring)

@: constricted
A: no striking features
a: no special abilities


You were on level 1 of the Dungeon.
You visited 1 branch of the dungeon, and saw 1 of its levels.

You collected 7 gold pieces.

Inventory:

Armour
 a - a +0 robe (worn)
Scrolls
 c - 2 scrolls of fog {unknown}
Potions
 b - a potion of magic


   Skills:
 + Level 1.7 Dodging
 + Level 1.7 Stealth
 + Level 2.0 Spellcasting
 + Level 1.0 Conjurations
 + Level 2.8 Air Magic


You had 3 spell levels left.
You knew the following spells:

 Your Spells              Type           Power      Damage    Failure   Level
a - Shock                 Conj/Air       28%        1d4       10%         1

Your spell library contained the following spells:

 Spells                   Type           Power      Damage    Failure   Level
 Static Discharge         Conj/Air       14%        2-3/arc   14%         2
 Swiftness                Air            10%        N/A       21%         3
 Airstrike                Air            5%         2d(1-17)  54%         4


Dungeon Overview and Level Annotations

Branches:
Dungeon (1/15)

Altars:


Message History

The endoplasm is almost dead.
The endoplasm jiggles.
The endoplasm misses you.
You hit the endoplasm.
You kill the endoplasm!
c - 2 scrolls labelled TUAMMI PYDYM HP restored.
Found a sling.
Found a cloak.
Found a stone staircase leading down.
Found a hand axe.
A goblin comes into view. It is wielding a +0 club.
The goblin shouts!
A ball python comes into view.
The ball python hisses angrily.
The goblin completely misses you.
You barely miss the goblin. The goblin barely misses you.
The ball python bites you. The ball python completely misses you.
You closely miss the goblin. The ball python bites you.
The ball python grabs you. The ball python constricts you.
The goblin hits you but does no damage.
You hit the goblin.
The goblin is heavily wounded.
The ball python bites you. The ball python constricts you.
The goblin hits you with a +0 club.
You barely miss the goblin.
The goblin is heavily wounded.
The ball python closely misses you. The ball python constricts you.
The goblin hits you with a +0 club.
You closely miss the goblin.
The goblin is heavily wounded.
The ball python bites you.
* * * LOW HITPOINT WARNING * * *
The ball python constricts you.
* * * LOW HITPOINT WARNING * * *
The goblin closely misses you.
Unknown command.
You hit the goblin.
You kill the goblin!
The ball python bites you.
You die...

###### #....# #
#.##.#
####.#..#########
.....#.#........#####
######.#.####...#)..
# #.#.# #...#S#######
######.#.#
#...@)...)..#
.......#.#
#####.#...[.....
##.....#..
#.#.........
.....#.###
#.#.###.....
.........# #.#.#
..... ...⌠..##.#
#...# #### .>....#
##### .<....# ......#


You could see a ball python.

Vanquished Creatures
  An endoplasm (D:1)
  A goblin (D:1)
2 creatures vanquished.

Notes
Turn   | Place    | Note
-------+----------+-------------------------------------------
     0 | D:1      | xian the Demonspawn Air Elementalist began the quest for
                  | the Orb.
     0 | D:1      | Reached XP level 1. HP: 13/13 MP: 3/3
    98 | D:1      | Slain by a ball python

Illustrated notes

Levels and vault maps discovered:
D:1:      wander_arrival_desolate, layout_basic,
          ebering_ecumenical_altar_sacrificial, minmay_bisected

Action                     || total
---------------------------++-------
  Melee: Unarmed           ||    12
 Armour: Robe              ||     2
  Dodge: Dodged            ||     7

Table legend: (Time is in decaauts)
 A = Elapsed time spent in this place.
 B = Non-inter-level travel time spent in this place.
 C = Inter-level travel time spent in this place.
 D = Time resting spent in this place.
 E = Time spent auto-exploring this place.
 F = Levels seen in this place.
 G = Mean time per level.
                   A        B        C        D        E       F      G
               +--------+--------+--------+--------+--------+-----+--------+
         Total |     98 |     98 |      0 |      0 |     41 |   1 |   98.0 |
       Dungeon |     98 |     98 |      0 |      0 |     41 |   1 |   98.0 |
               +--------+--------+--------+--------+--------+-----+--------+

Top non-repeatable levels by time:
     D:1: 98 daAuts
